 Dungeon Crawl Stone Soup version 0.27-a0-1202-ge72e49191c (webtiles) character file.

Game seed: 1747763232795987908

3199 Glokmah the Quickloader (level 10, -20/76 HPs)
             Began as a Formicid Arcane Marksman on June 4, 2021.
             Was a Follower of Okawaru.
             Demolished by an orc knight
             ... wielding a +0 halberd
              (37 damage)
             ... in a bailey.
             The game lasted 00:25:41 (10361 turns).

Glokmah the Quickloader (Formicid Arcane Marksman) Turns: 10361, Time: 00:25:42

Health: -20/76     AC:  6    Str: 14    XL:     10   Next: 17%
Magic:  8/18       EV: 15    Int: 14    God:    Okawaru [*.....]
Gold:   710        SH:  0    Dex: 14    Spells: 12/20 levels left

rFire    + . .     SeeInvis +   a - +4 hand crossbow (freeze)
rCold    . . .     Faith    .   (no shield)
rNeg     + . .     Spirit   .   B - +2 robe of Objectivity {+Inv rF+ rN+ rCorr}
rPois    .         Reflect  .   (helmet unavailable)
rElec    .         Harm     .   h - +0 cloak
rCorr    +         Rampage  .   j - +0 pair of gloves
Will     +....                  (no boots)
Stlth    +++.......             (no amulet)
HPRegen  0.22/turn              (no ring)
MPRegen  0.16/turn              (no ring)

@: heroic
A: permanent stasis, dig shafts and tunnels, antennae 3, four strong arms
a: Dig, Renounce Religion, Evoke Invisibility, Heroism


You were in a bailey.
You worshipped Okawaru.
Okawaru was aware of your devotion.
You visited 2 branches of the dungeon, and saw 9 of its levels.
You also visited: Ossuary and Bailey.

You collected 1142 gold pieces.
You spent 432 gold pieces at shops.

Inventory:

Hand Weapons
 a - a +4 hand crossbow of freezing (weapon)
 b - a +2 dagger of electrocution
 c - the +4 trident "Pufihaoh" {protect, *Slow rF+ Dex+4}
   (You found it in an ossuary)

   It grants its wielder temporary protection when it strikes (+7 to AC).
   It affects your dexterity (+4).
   It protects you from fire.
   It may slow you when you take damage.
Missiles
 d - 26 bolts (quivered ammo)
 l - 7 poisoned darts
 r - 3 atropa-tipped darts
 C - a curare-tipped dart
Armour
 h - a +0 cloak (worn)
 j - a +0 pair of gloves (worn)
 B - the +2 robe of Objectivity (worn) {+Inv rF+ rN+ rCorr}
   (You found it on level 4 of the Dungeon)

   It protects you from fire.
   It protects you from negative energy.
   It lets you turn invisible.
   It protects you from acid and corrosion.
Jewellery
 e - the ring of Vetisoe {rC+ Will+ Dex+2}
   (You bought it in a shop on level 4 of the Dungeon)

   [ring of willpower]

   It affects your dexterity (+2).
   It protects you from cold.
   It increases your willpower.
 G - a ring of see invisible
Wands
 m - a wand of iceblast (6)
 o - a wand of digging (3)
 p - a wand of paralysis (20)
Scrolls
 s - a scroll of blinking
 u - 3 scrolls of teleportation
 y - a scroll of identify
 z - a scroll of amnesia
 E - a scroll of brand weapon
 F - a scroll of holy word {unknown}
Potions
 f - 4 potions of haste
 g - a potion of magic
 i - 10 potions of curing
 k - a potion of degeneration {unknown}
 n - a potion of attraction {unknown}
 q - a potion of cancellation
 t - 4 potions of invisibility {unknown}
 v - 3 potions of might
 w - a potion of resistance {unknown}
 x - 3 potions of berserk rage
 A - a potion of flight {unknown}
 D - a potion of lignification {unknown}
 H - a potion of heal wounds


   Skills:
 + Level 6.2(11.2) Fighting
 * Level 8.4(13.4) Crossbows
 - Level 1.7(6.7) Dodging
 + Level 5.7 Spellcasting
 - Level 5.0 Hexes
 - Level 4.0 Transmutations
 - Level 3.0 Fire Magic
 + Level 4.5 Evocations


You had 12 spell levels left.
You knew the following spells:

 Your Spells              Type           Power      Damage    Failure   Level
a - Corona                Hex            20%        N/A       1%          1
b - Slow                  Hex            18%        N/A       3%          2
c - Inner Flame           Hex/Fire       15%        N/A       10%         3
d - Wereblood             Tmut           15%        N/A       4%          2

Your spell library contained the following spells:

 Spells                   Type           Power      Damage    Failure   Level
 Beastly Appendage        Tmut           30%        N/A       3%          1
 Magic Dart               Conj           16%        1d3       16%         1
 Dazzling Flash           Conj/Hex       22%        N/A       17%         3
 Portal Projectile        Hex/Tloc       22%        N/A       17%         3
 Cause Fear               Hex            9%         N/A       21%         4
 Spider Form              Tmut/Pois      4%         N/A       22%         3
 Searing Ray              Conj           8%         3d3       24%         2
 Fulminant Prism          Conj/Hex       5%         3d7       50%         4
 Leda's Liquefaction      Hex/Erth       5%         N/A       50%         4
 Ice Form                 Ice/Tmut       9%         N/A       56%         4
 Hydra Form               Tmut           7%         N/A       65%         5
 Iskenderun's Mystic Bla  Conj/Tloc      4%         2d3       85%         4


Dungeon Overview and Level Annotations

Branches:
Dungeon (8/15)             Temple (1/1) D:4         Ossuary (visited)
 Bailey (1/1)
   Lair: D:8-11

Altars:
Ashenzari
Dithmenos
Fedhas
Gozag
Hepliaklqana
Kikubaaqudgha
Makhleb
Nemelex Xobeh
Okawaru
Qazlal
Ru
Sif Muna
Trog
Uskayaw
Vehumet
Wu Jian
Xom
Yredelemnul
Zin

Shops:
D:1 (   D:4 =   D:6 ?


Innate Abilities, Weirdness & Mutations

You cannot be hasted, slowed, berserked, paralysed or teleported.
You can dig through walls and to a lower floor.
You have a pair of large antennae on your head. (SInv)
Your four strong arms can wield two-handed weapons with a shield.


Message History

The orc knight is engulfed in blazing flames.
Flame seeps out of the orc knight.
The orc warrior hits you from afar with a +3 glaive!
The orc warrior hits you from afar with a +0 glaive!
Fire: 29 bolts
Press: ? - help, Q - select action, (/) - cycle Shift-Dir - straight line, f/p - orc knight
Aim: an orc knight, wielding a +0 halberd and wearing a +0 ring mail (almost dead, inner flame, strong, 70% to hit)
You shoot a bolt. The bolt hits the orc warrior.
The bolt freezes the orc warrior.
The orc warrior is lightly wounded.
The orc warrior misses you.
Casting: Inner Flame (dangerous; 10% risk of failure)
Confirm with . or Enter, or press ? or * to list all spells.
Aiming: Inner Flame (dangerous; 10% risk of failure)
Press: ? - help, Shift-Dir - straight line, f - orc knight, p - orc knight
Aim: an orc knight, wielding a +0 halberd and wearing a +0 scale mail (heavily wounded, strong, chance to affect: 52%)
The orc knight is filled with an inner flame.
The orc warrior barely misses you.
An orc warrior comes into view. It is wielding a +0 glaive.
The orc knight hits you from afar with a +0 halberd!!
The orc warrior closely misses you.
Fire: 28 bolts
Press: ? - help, Q - select action, (/) - cycle Shift-Dir - straight line, f/p - orc knight
Aim: an orc knight, wielding a +0 halberd and wearing a +0 scale mail (heavily wounded, inner flame, strong, 70% to hit)
You shoot a bolt. The orc warrior shouts!
The bolt hits the orc warrior!!
The bolt freezes the orc warrior!
The orc warrior is almost dead.
The orc warrior hits you from afar with a +0 halberd!!
* * * LOW HITPOINT WARNING * * *
Unknown command.
Fire: 27 bolts
Press: ? - help, Q - select action, (/) - cycle Shift-Dir - straight line, f - orc knight, p - orc knight
Aim: an orc knight, wielding a +0 halberd and wearing a +0 ring mail (almost dead, inner flame, strong, 70% to hit)
You shoot a bolt. The bolt barely misses the orc knight.
The bolt barely misses the orc.
The bolt closely misses the orc warrior.
The orc warrior misses you.
The orc knight hits you from afar with a +0 halberd!!!
You die...

##### #######
.....#########.....##
(°§§.o#.....#.......#####
.°(.ooo.)...'......)#....
.§)(ooo.@...'...))))))...
ooo...o.....'....)))#....
......#.....#.......#####
.....#########.....##
##### #######


You could see 2 orc knights, 4 orc warriors and 4 orcs.

Vanquished Creatures
  A hornet (D:8)
  Sigmund (D:2)
  A water moccasin (D:7)
  5 orc warriors
  2 ice beasts
  A sky beast (D:6)
  A necrophage (D:8)
  2 ogres
  A kobold brigand (D:7)
  A bullfrog (D:4)
  A gnoll sergeant (D:7)
  3 scorpions
  A wyvern zombie (D:6)
  A water moccasin zombie (Ossuary)
  A wyvern skeleton (D:6)
  A water moccasin skeleton (D:5)
  An electric eel (D:6)
  2 bullfrog zombies
  A crimson imp (D:7)
  3 hounds
  2 jellies (D:5)
  A gnoll shaman (D:7)
  A centaur zombie (D:7)
  2 orc priests
  2 bullfrog skeletons
  2 centaur skeletons
  Jessica (D:2)
  2 orc wizards
  5 iguanas
  2 mummies (Ossuary)
  12 gnolls
  7 adders
  2 white imps
  An ufetubus (D:5)
  6 adder zombies (Ossuary)
  3 worms
  4 dart slugs
  45 orcs
  5 ball pythons
  A bat zombie (D:6)
  2 endoplasms (D:1)
  7 gnoll zombies (Ossuary)
  11 goblins
  A hobgoblin (D:2)
  16 jackals
  2 quokkas
  4 bats
  3 frilled lizards
  6 hobgoblin zombies (Ossuary)
  8 kobolds
  4 kobold zombies (Ossuary)
  4 orc zombies (Ossuary)
  2 rats
  A rat zombie (D:6)
208 creatures vanquished.

Vanquished Creatures (collateral kills)
  A goblin (D:2)
1 creature vanquished.

Grand Total: 209 creatures vanquished

Notes
Turn   | Place    | Note
-------+----------+-------------------------------------------
     0 | D:1      | Glokmah the Formicid Arcane Marksman began the quest for
                  | the Orb.
     0 | D:1      | Reached XP level 1. HP: 15/15 MP: 2/2
    11 | D:1      | Found Ucliral's Antique Weapon Shop.
   160 | D:1      | Found a faded altar of an unknown god.
   167 | D:1      | Reached XP level 2. HP: 21/21 MP: 3/3
   384 | D:1      | Learned a level 2 spell: Slow
  1360 | D:2      | Reached XP level 3. HP: 22/26 MP: 5/5
  1391 | D:2      | Noticed Sigmund
  2066 | D:2      | Noticed Jessica
  2074 | D:2      | Killed Jessica
  2075 | D:2      | Reached skill level 3 in Crossbows
  2075 | D:2      | Reached XP level 4. HP: 20/33 MP: 6/6
  2402 | D:2      | Learned a level 3 spell: Inner Flame
  2575 | D:2      | Killed Sigmund
  2576 | D:2      | Reached skill level 4 in Crossbows
  2576 | D:2      | Reached XP level 5. HP: 34/40 MP: 1/8
  2576 | D:2      | Reached XP level 6. HP: 39/46 MP: 1/9
  3026 | D:3      | Learned a level 2 spell: Wereblood
  3304 | D:3      | Found a sparkling altar of Nemelex Xobeh.
  3510 | D:3      | Found a shimmering blue altar of Sif Muna.
  3807 | D:3      | Noticed an ice beast
  3831 | D:3      | Killed an ice beast
  3832 | D:3      | Reached skill level 5 in Hexes
  3832 | D:3      | Reached skill level 1 in Fire Magic
  3832 | D:3      | Reached XP level 7. HP: 52/52 MP: 1/11
  3969 | D:4      | Found a sand-covered staircase.
  3976 | Ossuary  | Entered an ossuary
  4278 | Ossuary  | Identified the +4 trident "Pufihaoh" {protect, *Slow rF+
                  | Dex+4}
  4323 | D:4      | Reached skill level 5 in Crossbows
  4565 | D:4      | Found a staircase to the Ecumenical Temple.
  4625 | D:4      | Reached XP level 8. HP: 32/60 MP: 7/13
  4805 | D:4      | Found an ornate altar of the Wu Jian Council.
  4847 | Temple   | Entered the Ecumenical Temple
  5515 | D:4      | Identified the +2 robe of Objectivity {+Inv rF+ rN+ rCorr}
  5653 | D:4      | Found Geryquh's Jewellery Shoppe.
  5848 | D:5      | Entered Level 5 of the Dungeon
  5913 | D:5      | Reached skill level 1 in Transmutations
  5930 | D:4      | Reached skill level 1 in Evocations
  6075 | D:5      | Found a broken altar of Ashenzari.
  6117 | D:5      | Reached skill level 6 in Crossbows
  7172 | D:6      | Identified a scroll of acquirement
  7172 | D:6      | Acquired 752 gold pieces
  7235 | D:4      | Bought the ring of Vetisoe {rC+ Will+ Dex+2} for 432 gold
                  | pieces
  7289 | D:6      | Found Beamidiff's Magic Scroll Shoppe.
  7353 | D:6      | Reached XP level 9. HP: 52/66 MP: 15/15
  7497 | D:6      | Found an ancient bone altar of Kikubaaqudgha.
  7521 | D:6      | Found an iron altar of Okawaru.
  7530 | D:6      | Became a worshipper of Warmaster Okawaru
  7683 | D:6      | Reached skill level 5 in Fighting
  7803 | D:6      | Reached skill level 7 in Crossbows
  8091 | D:6      | Found a blossoming altar of Fedhas.
  8271 | D:7      | Reached * piety under Okawaru
  8272 | D:7      | Reached skill level 5 in Spellcasting
  8472 | D:7      | Found a basalt altar of Yredelemnul.
  8838 | D:7      | Found a radiant altar of Vehumet.
  8839 | D:7      | Found a burning altar of Makhleb.
  9493 | D:8      | Noticed a hornet
  9505 | D:8      | Killed a hornet
  9512 | D:8      | Reached skill level 8 in Crossbows
  9512 | D:8      | Reached XP level 10. HP: 13/76 MP: 15/18
  9971 | D:8      | Found a flagged portal.
  9985 | Bailey   | Entered a bailey
 10345 | Bailey   | Acquired a +4 hand crossbow of freezing
 10350 | Bailey   | Noticed an orc knight
 10351 | Bailey   | Noticed an orc knight
 10361 | Bailey   | Demolished by an orc knight

Illustrated notes

Levels and vault maps discovered:
D:1:      shiori_arrival_elements, layout_basic, serial_shops, shop,
          chequers_ecumenical_altar_simple, grunt_decor_resistance,
          minmay_hedge_maze
D:2:      layout_rooms, corexii_hall_statues_deadend, uniq_sigmund, uniq_jessica
D:3:      layout_basic, general_overflow_altar, tgw_sif
D:4:      layout_loops_ring, nzn_wu_jian_council_hall,
          minmay_temple_entry_arrows, nicolae_ossuary_entry_ruins, serial_shops,
          kennysheep_little_box
D:5:      layout_basic, nicolae_ashenzari_panopticon, st_stairs_12
D:6:      layout_basic, lemuel_zombie_altar_kikubaaqudgha, kennysheep_mini_moat,
          okawaru_gym_becter, serial_shops, shop, minmay_misc_feat_plants,
          lightli_minifort
D:7:      layout_basic, grunt_temple_overflow_lords_of_destruction,
          lemuel_coloured_pillars_altar
D:8:      layout_basic, nicolae_elyvilon_temple_path, enter_bailey_3
Temple:   compressed_dpeg_triangle_lava_temple
Bailey:   bailey_polearm_5, bailey

Skill      XL: |  1  2  3  4  5  6  7  8  9 10 |
---------------+-------------------------------+-----
Hexes          | 4 5 |  5.0
Fighting       | 2 3 4 5 6 |  6.2
Crossbows      | 3 4 5 6 8 |  8.4
Spellcasting   | 2 3 4 5 |  5.7
Fire Magic     | 1 2 3 |  3.0
Transmutations | 3 4 |  4.0
Evocations     | 2 4 |  4.5
Dodging        | |  1.7

Action                   |  1- 3 |  4- 6 |  7- 9 | 10-12 || total
-------------------------+-------+-------+-------+-------++-------
Melee: Dagger            |    52 |   105 |   188 |       ||   345
       Trident           |       |       |   165 |    55 ||   220
 Fire: Hand crossbow     |    29 |    12 |    79 |    14 ||   134
Throw: Dart              |       |     5 |       |       ||     5
 Cast: Corona            |     1 |       |     1 |       ||     2
       Inner Flame       |       |     3 |     8 |     9 ||    20
       Slow              |       |       |     4 |       ||     4
Invok: Heroism           |       |       |     2 |     1 ||     3
 Abil: Dig               |     1 |       |     7 |       ||     8
  Use: Scroll            |     1 |     1 |    12 |     2 ||    16
       Potion            |       |       |     1 |       ||     1
 Stab: Sleeping          |       |       |     4 |       ||     4
Armor: Robe              |    17 |    41 |   126 |    32 ||   216
Dodge: Dodged            |    30 |    58 |   203 |    65 ||   356

Table legend: (Time is in decaauts)
 A = Elapsed time spent in this place.
 B = Non-inter-level travel time spent in this place.
 C = Inter-level travel time spent in this place.
 D = Time resting spent in this place.
 E = Time spent auto-exploring this place.
 F = Levels seen in this place.
 G = Mean time per level.
                   A        B        C        D        E       F      G
               +--------+--------+--------+--------+--------+-----+--------+
         Total |  10438 |   9874 |    564 |   2034 |   5191 |  11 |  948.9 |
       Dungeon |   9366 |   8815 |    551 |   1697 |   4858 |   8 | 1170.8 |
        Temple |    359 |    346 |     13 |      0 |    333 |   1 |  359.0 |
       Ossuary |    330 |    330 |      0 |    115 |      0 |   1 |  330.0 |
        Bailey |    381 |    381 |      0 |    222 |      0 |   1 |  381.0 |
               +--------+--------+--------+--------+--------+-----+--------+

Top non-repeatable levels by time:
     D:1: 1650 daAuts
     D:4: 1379 daAuts
     D:2: 1323 daAuts
     D:7: 1274 daAuts
     D:5: 1165 daAuts
     D:6: 1075 daAuts
     D:3: 1000 daAuts
     D:8: 497 daAuts
  Bailey: 381 daAuts
  Temple: 359 daAuts
 Ossuary: 330 daAuts
